Map: Oceanborn LE

Players

soO - Winner!

  • Race: Zerg Zerg
  • Spawn Location: 5:00

ByuN

  • Race: Terran Terran
  • Spawn Location: 11:00

Event: ESL Spring 2024 Finals

VOD

Have the link to the VOD?

Description

Time

  • Played on: May 31, 2024, 6:59 p.m.
  • Length: 12:52

All games in this series

Show
View Real Time Build Order
Export as new Build Order

soO Zerg - Winner!

Build Orders: Hatch First 

Get SALT Encoding   

  12  0:00  Drone  
  13  0:12  Overlord  
  13  0:16  Drone  
  14  0:30  Drone x2  
  16  0:47  Hatchery  
  15  0:50  Drone  
  15  0:53  Drone  
  15  0:56  Drone  
  18  1:08  Extractor  
  17  1:12  Spawning Pool  
  17  1:15  Drone  
  17  1:18  Drone  
  18  1:27  Drone  
  19  1:38  Drone  
  20  1:50  Drone  
  21  1:58  Queen x2  
  21  1:59  Zergling x4  
  27  2:10  Overlord  
  27  2:11  Metabolic Boost  
  27  2:13  Zergling x2  
  28  2:30  Drone x2  
  28  2:34  Queen  
  28  2:35  Overlord  
  28  2:36  Queen  
  34  2:41  Overlord  
  34  2:45  Drone x2  
  36  2:53  Overlord  
  36  2:54  Drone  
  37  3:03  Drone  
  37  3:05  Drone  
  39  3:06  Drone x3  
  42  3:14  Drone  
  43  3:20  Drone  
  43  3:25  Drone  
  45  3:32  Hatchery, Drone  
  45  3:35  Overlord  
  45  3:37  Drone, Extractor  
  45  3:41  Extractor  
  44  3:43  Drone x3  
  44  3:44  Drone x3  
  50  3:50  Drone, Roach Warren  
  50  3:52  Drone  
  50  4:01  Queen  
  52  4:03  Overlord  
  52  4:19  Drone  
  52  4:22  Zergling x4  
  55  4:30  Roach x7  
  69  4:36  Roach  
  69  4:37  Roach  
  73  4:46  Zergling x2  
  73  4:50  Zergling x8  
  73  4:52  Ravager x3  
  80  4:55  Overlord  
  81  5:04  Zergling x2  
  81  5:06  Overlord x2  
  82  5:09  Overlord  
  82  5:11  Overlord  
  82  5:15  Drone x3  
  82  5:16  Ravager  
  82  5:17  Drone  
  82  5:18  Drone x3  
  90  5:21  Overlord  
  90  5:23  Overlord  
  88  5:29  Drone  
  88  5:30  Drone x3  
  88  5:37  Drone  
  84  5:44  Drone x4, Lair  
  84  5:46  Drone  
  84  5:47  Drone x3  
  81  5:52  Drone x4  
  81  5:53  Drone x2  
  81  5:56  Evolution Chamber x2  
  85  5:58  Drone  
  85  6:00  Drone  
  85  6:04  Drone  
  88  6:05  Extractor  
  88  6:06  Extractor  
  86  6:12  Extractor  
  86  6:13  Roach x2  
  86  6:15  Hatchery  
  88  6:19  Roach  
  88  6:21  Roach x2  
  88  6:22  Overlord  
  88  6:23  Drone x2  
  88  6:25  Drone x2, Roach  
  100  6:26  Roach  
  100  6:29  Zerg Missile Weapons Level 1  
  102  6:33  Zerg Ground Armor Level 1  
  102  6:39  Drone x2  
  104  6:41  Roach  
  104  6:42  Glial Reconstitution, Roach x3  
  104  6:44  Overseer  
  112  6:47  Drone  
  112  6:51  Ravager  
  112  6:53  Roach x5  
  124  7:00  Roach x4  
  132  7:02  Roach  
  132  7:07  Roach x2  
  132  7:08  Roach  
  139  7:17  Overlord  
  139  7:18  Roach x2  
  139  7:21  Overlord  
  143  7:23  Overlord  
  143  7:26  Overlord  
  143  7:27  Overlord  
  143  7:31  Overlord  
  143  7:33  Overlord  
  143  7:38  Ravager, Roach x4  
  143  7:41  Roach x2  
  143  7:42  Roach  
  143  7:44  Overseer  
  158  7:49  Ravager x3  
  158  7:50  Roach x4  
  169  7:59  Roach x5  
  169  8:00  Ravager x2  
  181  8:07  Roach  
  181  8:08  Roach x4  
  181  8:11  Overlord  
  191  8:14  Ravager  
  191  8:18  Overlord  
  192  8:22  Overlord  
  192  8:25  Extractor  
  191  8:31  Zerg Ground Armor Level 2  
  191  8:39  Roach x4  
  191  8:40  Ravager  
  200  8:54  Roach x6  
  194  8:55  Roach x2  
  194  8:56  Roach x3  
  194  8:57  Roach x2  
  194  8:58  Roach  
  194  8:59  Roach  
  194  9:01  Roach x2  
  188  9:03  Roach x2  
  188  9:05  Roach  
  192  9:14  Zergling x6, Roach  
  192  9:16  Roach x2  
  190  9:17  Roach  
  190  9:20  Zerg Missile Weapons Level 2, Roach  
  190  9:22  Roach  
  188  9:25  Roach  
  188  9:29  Roach x2  
  188  9:31  Roach  
  188  9:32  Roach  
  188  9:33  Roach x2  
  188  9:37  Roach  
  198  9:41  Roach  
  198  9:44  Roach x2  
  177  9:45  Roach x3  
  177  9:46  Roach x2  
  177  9:47  Roach x3  
  177  9:51  Roach x2  
  162  9:56  Roach x2  
  162  9:59  Roach x3  
  157  10:02  Roach x2  
  155  10:11  Ravager x2  
  155  10:12  Ravager  
  158  10:16  Roach x4  
  158  10:19  Zergling x16  
  174  10:23  Ravager  
  175  10:29  Roach x4  
  175  10:30  Ravager  
  184  10:36  Ravager  
  184  10:37  Zergling x2, Roach x3  
  184  10:40  Roach x2  
  184  10:41  Zergling x4, Roach  
  200  10:53  Roach x2  
  200  10:54  Roach x2  
  200  10:56  Roach x2  
  188  10:59  Roach x3  
  188  11:00  Roach  
  188  11:02  Ravager  
  188  11:03  Ravager  
  187  11:05  Roach x3  
  187  11:09  Roach x3  
  180  11:12  Roach x2  
  180  11:13  Roach  
  180  11:18  Roach x3  
  167  11:23  Ravager  
  158  11:36  Ravager x2  
  158  11:37  Zergling x4, Roach x6  
  172  11:45  Zergling x2  
  172  11:46  Zergling x8  
  177  11:48  Hatchery  
  174  11:55  Roach x2  
  174  11:56  Roach  
  174  11:57  Roach x2  
  174  12:00  Roach  
  141  12:03  Roach  
  141  12:04  Roach x3  
  141  12:06  Roach x2  
  141  12:08  Roach  
  146  12:15  Roach x4  
  152  12:17  Roach x2  
  152  12:21  Roach x2  
  147  12:23  Roach  
  147  12:26  Roach x2  
  147  12:28  Roach  
  147  12:29  Roach  
  145  12:35  Zergling x2  
  149  12:42  Ravager x5  
  162  12:51  Ravager  
Show
View Real Time Build Order
Export as new Build Order

ByuN Terran 

Build Orders:  

Get SALT Encoding   

  12  0:00  SCV  
  13  0:12  SCV  
  14  0:17  Supply Depot  
  14  0:24  SCV  
  15  0:39  SCV  
  15  0:40  Barracks  
  16  0:43  Refinery  
  16  0:51  SCV  
  17  0:59  Barracks  
  17  1:03  SCV  
  18  1:15  SCV  
  19  1:27  Reaper  
  19  1:28  Orbital Command  
  20  1:35  Supply Depot  
  20  1:46  Reaper  
  21  1:53  SCV  
  22  2:02  Reaper  
  22  2:06  SCV  
  24  2:10  Command Center  
  24  2:17  Refinery  
  24  2:18  SCV  
  26  2:30  SCV  
  27  2:42  SCV  
  27  2:47  Factory  
  27  2:52  Barracks Reactor  
  27  2:54  SCV  
  27  2:58  Barracks Tech Lab, Command Center  
  28  3:06  SCV  
  29  3:18  SCV  
  30  3:23  Orbital Command  
  29  3:29  Marine  
  29  3:30  SCV  
  31  3:39  Hellion  
  31  3:40  Barracks Reactor  
  35  3:42  Engineering Bay  
  35  3:45  Engineering Bay, Hellion  
  35  3:49  SCV x2  
  37  3:56  Marine  
  37  3:57  Stimpack  
  37  4:01  SCV x2  
  40  4:06  Hellion  
  42  4:13  Orbital Command  
  42  4:14  Terran Infantry Weapons Level 1  
  42  4:17  Terran Infantry Armor Level 1  
  42  4:18  SCV x2  
  42  4:21  Marine x2  
  42  4:23  Marine  
  47  4:29  Hellion  
  49  4:33  SCV x2  
  51  4:38  Supply Depot  
  51  4:40  Marine x2  
  51  4:41  Marine  
  51  4:43  SCV  
  51  4:45  SCV x2  
  57  4:48  Starport  
  57  4:50  Factory Reactor  
  57  4:58  Orbital Command, SCV x2, Marine  
  57  4:59  Marine x2  
  61  5:00  Supply Depot  
  62  5:09  Supply Depot  
  62  5:14  SCV x2  
  62  5:15  Bunker  
  62  5:16  Marine, Armory  
  62  5:17  Marine x2  
  67  5:24  SCV  
  67  5:26  SCV x2  
  65  5:36  SCV  
  65  5:38  SCV x2, Cyclone, Marine x2  
  63  5:46  Marine  
  63  5:48  SCV  
  60  5:50  SCV  
  60  5:51  SCV  
  60  5:56  Marine x2  
  62  5:59  Medivac  
  62  6:00  SCV  
  62  6:03  Combat Shield, SCV x2  
  67  6:07  Refinery  
  67  6:08  Marine, Refinery  
  68  6:13  Marine, Terran Infantry Weapons Level 2  
  68  6:14  Marine  
  70  6:20  SCV x2  
  70  6:21  SCV, Factory Tech Lab  
  70  6:22  Terran Infantry Armor Level 2  
  73  6:28  Marine, Barracks  
  73  6:31  Marine, Barracks  
  75  6:33  SCV x2  
  75  6:34  SCV  
  75  6:37  Barracks  
  75  6:38  Marine  
  79  6:42  Siege Tank  
  79  6:45  SCV x2  
  79  6:46  Supply Depot, Marine  
  85  6:50  Supply Depot  
  85  6:51  Supply Depot  
  85  6:55  SCV, Marine  
  85  6:57  SCV  
  85  6:58  SCV  
  85  7:00  Medivac x2  
  93  7:08  SCV, Marine x2  
  96  7:09  SCV  
  96  7:10  SCV  
  96  7:13  Marine  
  96  7:14  Supply Depot  
  97  7:16  Supply Depot  
  97  7:17  Barracks Reactor x2  
  97  7:20  SCV  
  97  7:22  SCV x2  
  98  7:24  Barracks Reactor  
  98  7:26  Siege Tank, Marine x2  
  103  7:32  SCV  
  103  7:34  SCV x2, Marine  
  107  7:41  Command Center  
  107  7:43  Marine x2  
  109  7:44  SCV, Refinery, Factory  
  109  7:46  SCV x2, Refinery  
  112  7:54  Supply Depot, Terran Vehicle Weapons Level 1  
  112  7:57  Marine  
  112  7:58  Marine x3  
  116  7:59  Siege Tank  
  116  8:00  Marine  
  116  8:01  Marine  
  116  8:02  Marine  
  116  8:03  Marine  
  116  8:04  Marine  
  124  8:09  SCV x3  
  125  8:15  Marine x2  
  125  8:16  Marine x2, Bunker  
  125  8:19  Marine  
  128  8:20  Marine x2  
  128  8:21  Marine  
  132  8:27  Supply Depot, Marine  
  132  8:28  Factory Tech Lab  
  132  8:32  Terran Infantry Weapons Level 3  
  128  8:52  Marine x5  
  128  8:53  Siege Tank  
  128  8:55  Marine, Medivac  
  132  8:56  Medivac  
  132  8:57  SCV x2, Siege Tank  
  132  8:59  Marine x2  
  132  9:01  Marine  
  115  9:10  Marine x5  
  115  9:11  Barracks  
  115  9:12  Barracks  
  115  9:13  Barracks  
  115  9:15  SCV x2  
  121  9:17  SCV  
  121  9:21  Marine x3  
  116  9:24  Marine  
  116  9:27  SCV  
  116  9:28  Marine x4  
  116  9:29  Siege Tank  
  116  9:30  Marine  
  124  9:38  Siege Tank  
  127  9:45  SCV x3  
  95  9:54  Marine x2  
  95  9:57  SCV x2, Marine x5  
  95  9:58  SCV  
  85  10:07  Marine  
  85  10:10  SCV  
  85  10:12  SCV, Marine x2  
  85  10:13  SCV  
  92  10:15  Marine x3  
  92  10:17  Marine x4  
  98  10:22  Siege Tank, Marine x2  
  98  10:25  Marine  
  104  10:31  Terran Vehicle Weapons Level 2  
  104  10:33  Marine x3  
  104  10:35  Marine x2  
  108  10:36  Marine  
  108  10:37  Marine  
  108  10:40  Siege Tank  
  113  10:44  Marine x4  
  113  10:47  Orbital Command  
  118  10:50  SCV x2  
  118  10:55  SCV  
  106  11:02  SCV x2  
  106  11:03  Marine x2  
  96  11:07  SCV  
  90  11:11  Marine  
  90  11:14  SCV x2  
  90  11:17  Marine  
  85  11:23  Marine x5  
  85  11:25  Marine x4  
  89  11:26  SCV x2  
  89  11:29  SCV  
  89  11:30  Marine  
  93  11:34  Marine  
  93  11:38  SCV x2  
  97  11:41  SCV, Marine x3  
  97  11:42  Marine x2  
  97  11:43  Marine x2  
  97  11:46  Siege Tank  
  107  11:50  SCV x2  
  107  11:57  SCV  
  107  11:59  Marine  
  107  12:01  Marine  
  83  12:02  SCV  
  83  12:05  Marine x2  
  83  12:06  Marine x2  
  83  12:07  Marine x4  
  84  12:09  SCV  
  84  12:10  Orbital Command, Marine  
  84  12:12  Orbital Command  
  84  12:14  SCV  
  85  12:18  Siege Tank  
  85  12:21  SCV  
  84  12:24  Marine  
  84  12:27  SCV  
  84  12:28  Marine  
  84  12:29  Marine  
  76  12:33  SCV  
  75  12:39  SCV  
Tags
 
Add a new tag
Caveats
  • Supply blocks, unpowered buildings, or Contaminate may cause inaccurate times.
  • Supply counts are checked every 10 seconds.